 Dungeon Crawl Stone Soup version 0.21.1-1-g345015fe64 (webtiles) character file.

111 Ludini the Vexing (level 4, -8/30 HPs)
             Began as a Demonspawn Enchanter on Feb 27, 2018.
             Was an Initiate of Ashenzari.
             Mangled by Sigmund
             ... wielding a +0 scythe
              (9 damage)
             ... on level 3 of the Dungeon.
             The game lasted 00:07:53 (2687 turns).

Ludini the Vexing (Demonspawn Enchanter)            Turns: 2687, Time: 00:07:54

Health: -8/30      AC:  8    Str:  9    XL:     4   Next: 62%
Magic:  6/7        EV: 12    Int: 17    God:    Ashenzari [......]
Gold:   203        SH:  0    Dex: 15    Spells: 4/7 levels left

rFire    . . .     SeeInvis .   l - +0 dagger (flame)
rCold    . . .     Gourm    .   (no shield)
rNeg     . . .     Faith    .   b - +0 robe
rPois    .         Spirit   .   (no helmet)
rElec    .         Reflect  .   (no cloak)
rCorr    .         Harm     .   (no gloves)
MR       .....                  (no boots)
Stlth    ++........             (no amulet)
HPRegen  0.10/turn              k - +2 ring of dexterity
MPRegen  0.10/turn              (no ring)

@: sanguine armour
A: claws 1, powered by death 1, sanguine armour 1
a: Curse Item, Renounce Religion


You were on level 3 of the Dungeon.
You worshipped Ashenzari.
Ashenzari was noncommittal.
You were hungry.

You visited 1 branch of the dungeon, and saw 3 of its levels.

You collected 203 gold pieces.

Inventory:

Hand Weapons
 a - a +1 dagger
 l - a +0 dagger of flaming (weapon)
Armour
 b - a +0 robe (worn)
Jewellery
 k - a +2 ring of dexterity (left claw)
Scrolls
 e - 7 scrolls of identify
 j - a scroll of remove curse
Potions
 f - a potion of ambrosia {unknown}
 g - a potion of agility {unknown}
 h - 4 potions of curing
 m - a potion of magic {unknown}
 n - a potion of heal wounds {unknown}
Books
 c - a book of Maledictions

   Spells                             Type                      Level
   a - Corona                         Hexes                        1
   b - Ensorcelled Hibernation        Hexes/Ice                    2
   c - Confuse                        Hexes                        3
   d - Tukima's Dance                 Hexes                        3
   e - Dazzling Spray                 Conjuration/Hexes            3
Comestibles
 d - 6 rations


   Skills:
 - Level 0.8 Short Blades
 - Level 1.7 Dodging
 - Level 2.6 Stealth
 - Level 2.0 Spellcasting
 + Level 4.8 Hexes
 + Level 1.9 Ice Magic


You had 4 spell levels left.
You knew the following spells:

 Your Spells              Type           Power        Failure   Level  Hunger
a - Corona                Hex            ###....      2%          1    #......
b - Ensorcelled Hibernat  Hex/Ice        ##....       7%          2    ###....


Dungeon Overview and Level Annotations

Branches:
Dungeon (3/15)

Altars:
Ashenzari

Annotations:
D:3 Sigmund


Innate Abilities, Weirdness & Mutations

You have sharp fingernails.
You regenerate a little health from kills.
When seriously injured, your bleeding wounds create armour. (AC +6)


Message History

* * * LOW HITPOINT WARNING * * *
You hit Sigmund. You burn Sigmund.
Sigmund is heavily wounded.
You closely miss Sigmund.
Sigmund is heavily wounded.
Sigmund casts a spell at you. The puff of flame misses you.
You barely miss Sigmund.
Sigmund is heavily wounded.
Sigmund barely misses you.
You hit Sigmund but do no damage.
Sigmund is heavily wounded.
You barely miss Sigmund.
Sigmund is heavily wounded.
Sigmund hits you with a scythe!
* * * LOW HITPOINT WARNING * * *
You hit Sigmund but do no damage.
Sigmund is heavily wounded.
Sigmund hits you with a scythe!
You die...

.........# ..........#
..........# ..........##
#......†...#####
...............##
..........####...
........@.###..#
........@.#...#
............##
#............#######w###.
##...........#..=........
####..........# #.......
###......### #.......
#......# ##.......
#......# #........
#......# ##.)......


You could see Sigmund.

Vanquished Creatures
  4 gnolls
  2 adders (D:3)
  2 worms
  2 dart slugs (D:1)
  A leopard gecko (D:2)
  4 orcs
  5 hobgoblins
  5 kobolds
  4 bats
  5 frilled lizards (D:1)
  6 goblins (D:1)
  6 rats
46 creatures vanquished.

Notes
Turn   | Place    | Note
-------+----------+-------------------------------------------
     0 | D:1      | Ludini the Demonspawn Enchanter began the quest for the Orb.
     0 | D:1      | Reached XP level 1. HP: 13/13 MP: 3/3
   285 | D:1      | Gained mutation: You regenerate a little health from kills. [demonic ancestry]
   285 | D:1      | Reached XP level 2. HP: 19/19 MP: 3/5
   434 | D:1      | Found a shattered altar of Ashenzari.
   723 | D:1      | Reached skill level 4 in Hexes
   968 | D:1      | Learned a level 2 spell: Ensorcelled Hibernation
  1459 | D:1      | Became a worshipper of Ashenzari the Shackled
  1610 | D:1      | Gained mutation: When seriously injured, your bleeding wounds create armour. (AC +6) [demonic ancestry]
  1610 | D:1      | Reached XP level 3. HP: 12/24 MP: 0/6
  2025 | D:2      | Reached skill level 1 in Ice Magic
  2046 | D:2      | Found a faded altar of an unknown god.
  2229 | D:2      | Gained mutation: You have sharp fingernails. [demonic ancestry]
  2229 | D:2      | Reached XP level 4. HP: 25/30 MP: 4/7
  2657 | D:3      | Noticed Sigmund
  2686 | D:3      | HP: 1/30 [Sigmund/scythe (7)]
  2687 | D:3      | Mangled by Sigmund

Skill      XL: |  1  2  3 |
---------------+----------+-----
Hexes          | 4 |  4.8
Ice Magic      | 1 |  1.9
Short Blades   | |  0.8
Dodging        | |  1.7
Stealth        | |  2.6
Spellcasting   | |  2.0

Action                   |  1- 3 |  4- 6 || total
-------------------------+-------+-------++-------
Melee: Dagger            |   110 |    55 ||   165
 Cast: Corona            |    11 |       ||    11
       Ensorcelled Hiber |    13 |    15 ||    28
  Use: Scroll            |     6 |       ||     6
 Stab: Sleeping          |    13 |     7 ||    20
  Eat: Chunk             |     5 |     2 ||     7
Armor: Robe              |    13 |     9 ||    22
Dodge: Dodged            |    68 |    36 ||   104
